 Dungeon Crawl Stone Soup version 0.29.0-4-gdea44cf6ec (webtiles) character file.

Game seed: 15085424029484403687

256 qw the Chopper (level 6, -2/50 HPs)
             Began as a Ghoul Enchanter on Sept 6, 2022.
             Slain by a gnoll
             ... wielding a +0 flail
              (5 damage)
             ... on level 3 of the Dungeon.
             The game lasted 00:02:05 (3986 turns).

qw the Chopper (Ghoul Enchanter)                    Turns: 3986, Time: 00:02:05

Health: -2/50      AC: 10    Str: 14    XL:     6   Next: 16%
Magic:  7/7        EV:  3    Int: 10    God:
Gold:   212        SH:  3    Dex:  9    Spells: 8/8 levels left

rFire   + . .      SeeInvis .   g - +0 flail
rCold   + . .      Faith    .   i - +0 buckler
rNeg    + + +      Spirit   .   a - +0 plate armour
rPois   inf        Reflect  .   (no helmet)
rElec   .          Harm     .   (no cloak)
rCorr   .          Rampage  .   (no gloves)
Will    .....                   (no boots)
Stlth   ..........              (no amulet)
HPRegen 0.00/turn               e - ring of protection from fire
MPRegen 0.10/turn               (no ring)

@: inhibited regen
A: claws 1, cold resistance 1, negative energy resistance 3, inhibited
regeneration, torment resistance 2, devour on kill
a: no special abilities


You were on level 3 of the Dungeon.
You visited 1 branch of the dungeon, and saw 3 of its levels.

You collected 212 gold pieces.


Innate Abilities, Weirdness & Mutations

You are immune to poison.
You have sharp fingernails.
Your flesh is cold resistant. (rC+)
You are immune to negative energy. (rN+++)
You do not regenerate when monsters are visible.
You are immune to unholy pain and torment.
You thrive by killing the living.


   Skills:
 + Level 2.7 Fighting
 - Level 0.8 Short Blades
 - Level 4.0 Axes
 - Level 1.5 Armour
 - Level 1.7 Dodging
 - Level 3.2 Stealth
 - Level 1.1 Shields
 - Level 1.7 Spellcasting
 - Level 2.4 Hexes


You had 8 spell levels left.
You didn't know any spells.
Your spell library contained the following spells:

 Spells                   Type           Power      Damage    Failure   Level
 Ensorcelled Hibernation  Hex/Ice        6%         N/A       100%        2
 Confusing Touch          Hex            5%         N/A       100%        3
 Dazzling Flash           Conj/Hex       6%         N/A       100%        3
 Tukima's Dance           Hex            5%         N/A       100%        3

Inventory:

Hand Weapons
 g - a +0 flail (weapon)
Armour
 a - a +0 plate armour (worn)
 i - a +0 buckler (worn)
Jewellery
 e - a ring of protection from fire (left claw)
Scrolls
 c - 3 scrolls of identify
Potions
 b - a potion of heal wounds {unknown}
 d - 3 potions of curing
 f - a potion of attraction {unknown}

Dungeon Overview and Level Annotations

Branches:
Dungeon (3/15)

Altars:

Shops:
D:2 :


Message History

Found a book of Blood.
The gnoll shouts! x3
A gnoll comes into view. It is wielding a +0 flail.
You see here a frilled lizard corpse.
The gnoll shouts!
The gnoll barely misses you. The gnoll hits you with a +0 halberd.
You sock the gnoll!
The gnoll is severely wounded.
The gnoll hits you with a +0 spear. The gnoll hits you but does no damage.
The gnoll hits you with a +0 club.
You sock the gnoll!
You kill the gnoll!
You feel better. The gnoll hits you but does no damage.
The gnoll hits you with a +0 halberd.
You hit the gnoll.
The gnoll is lightly wounded.
The gnoll hits you but does no damage. The gnoll hits you with a +0 flail.
The gnoll hits you with a +0 halberd. The gnoll hits you with a +0 club!
The gnoll hits you but does no damage. x2
You barely miss the gnoll.
The gnoll is lightly wounded.
You block the gnoll's attack. The gnoll hits you with a +0 flail.
The gnoll hits you with a +0 halberd.
You thump the gnoll!
The gnoll is severely wounded.
You block the gnoll's attack. The gnoll hits you with a +0 flail.
The gnoll hits you but does no damage.
You barely miss the gnoll.
The gnoll is severely wounded.
The gnoll hits you but does no damage. The gnoll completely misses you.
The gnoll hits you with a +0 halberd. The gnoll hits you but does no damage.
You block the gnoll's attack. The gnoll hits you with a +0 flail!
You hit the gnoll.
The gnoll is almost dead.
You block the gnoll's attack. The gnoll hits you with a +0 flail.
The gnoll hits you but does no damage.
You closely miss the gnoll.
The gnoll is almost dead.
The gnoll hits you with a +0 club. The gnoll hits you with a +0 flail.
You die...

+................
#..........###...
##########.# #... #.#
#... #.###... #.......
#############...
####'####<%...........#'
......)@..#############.
......ggg.##..........##
........:.##.....g.)..#
..........##..##..##)##
..........##'######.)##
####'#######...#..#..8##
#.. #...#..##.... ...
##..#..##....
##..'..#..8##


You could see 3 gnolls.

Vanquished Creatures
  An orc priest (D:3)
  Natasha (thrice) (D:2)
  5 gnolls (D:3)
  3 adders (D:3)
  A worm (D:3)
  A dart slug (D:1)
  3 orcs (D:3)
  4 bats
  5 endoplasms
  2 giant cockroaches (D:1)
  2 goblins
  5 hobgoblins
  7 jackals
  7 kobolds
  2 quokkas
  4 ball pythons
  7 frilled lizards
  8 rats
70 creatures vanquished.

Vanquished Creatures (others)
  3 plants (D:1)
3 creatures vanquished.

Grand Total: 73 creatures vanquished

Notes
Turn   | Place    | Note
-------+----------+-------------------------------------------
     0 | D:1      | qw the Ghoul Enchanter began the quest for the Orb.
     0 | D:1      | Reached XP level 1. HP: 14/14 MP: 2/2
     0 | D:1      | 0 ||| qw: Version: 0.1-a-107-g9ff403c
     0 | D:1      | 0 ||| qw: Game counter: 6046
     0 | D:1      | 0 ||| qw: Always use a shield: true
     0 | D:1      | 0 ||| qw: God list: Okawaru
     0 | D:1      | 0 ||| qw: Allow faded altars: false
     0 | D:1      | 0 ||| qw: Do Orc after D:15 true
     0 | D:1      | 0 ||| qw: Do second Lair branch before Depths: true
     0 | D:1      | 0 ||| qw: Lair rune preference: random
     0 | D:1      | 0 ||| qw: Plans: Normal
     0 | D:1      | 0 ||| PLANNING D:1-11
   269 | D:1      | 269 ||| Stepping ~*~*~tactically~*~*~ (stealth).
   358 | D:1      | Reached skill level 1 in Axes
   365 | D:1      | 365 ||| Stepping ~*~*~tactically~*~*~ (stealth).
   375 | D:1      | 375 ||| Stepping ~*~*~tactically~*~*~ (stealth).
   376 | D:1      | 376 ||| Stepping ~*~*~tactically~*~*~ (stealth).
   378 | D:1      | 378 ||| SWAPPING to +0 whip.
   381 | D:1      | 381 ||| Stepping ~*~*~tactically~*~*~ (stealth).
   382 | D:1      | 382 ||| Stepping ~*~*~tactically~*~*~ (stealth).
   383 | D:1      | 383 ||| Stepping ~*~*~tactically~*~*~ (stealth).
   384 | D:1      | 384 ||| Stepping ~*~*~tactically~*~*~ (stealth).
   385 | D:1      | 385 ||| Stepping ~*~*~tactically~*~*~ (stealth).
   386 | D:1      | 386 ||| Stepping ~*~*~tactically~*~*~ (stealth).
   387 | D:1      | 387 ||| Stepping ~*~*~tactically~*~*~ (stealth).
   412 | D:1      | 412 ||| Stepping ~*~*~tactically~*~*~ (stealth).
   437 | D:1      | 437 ||| Stepping ~*~*~tactically~*~*~ (stealth).
   536 | D:1      | 536 ||| Stepping ~*~*~tactically~*~*~ (stealth).
   543 | D:1      | 543 ||| Stepping ~*~*~tactically~*~*~ (stealth).
   544 | D:1      | 544 ||| Stepping ~*~*~tactically~*~*~ (stealth).
   547 | D:1      | 547 ||| Stepping ~*~*~tactically~*~*~ (stealth).
   551 | D:1      | 551 ||| Stepping ~*~*~tactically~*~*~ (stealth).
   622 | D:1      | 622 ||| DROPPING +1 dagger.
   625 | D:1      | 625 ||| Stepping ~*~*~tactically~*~*~ (stealth).
   627 | D:1      | 627 ||| Stepping ~*~*~tactically~*~*~ (stealth).
   629 | D:1      | 629 ||| Stepping ~*~*~tactically~*~*~ (stealth).
   645 | D:1      | Reached skill level 1 in Fighting
   645 | D:1      | Reached XP level 2. HP: 23/23 MP: 3/3
   788 | D:1      | You fall into a shaft and drop 1 floor!
   932 | D:2      | 932 ||| UPGRADING to +0 ring mail.
   942 | D:2      | 942 ||| DROPPING +0 robe.
   943 | D:2      | 943 ||| READING scroll labelled CETEIP DAOSIEC.
   944 | D:2      | 944 ||| READING scroll labelled DIOBAE EKHIKU.
   945 | D:2      | 945 ||| DRINKING 2 clear potions.
   946 | D:2      | 946 ||| DROPPING 2 potions of invisibility.
  1140 | D:1      | 1140 ||| Stepping ~*~*~tactically~*~*~ (stealth).
  1149 | D:1      | Reached skill level 2 in Axes
  1149 | D:1      | Reached XP level 3. HP: 28/28 MP: 4/4
  1375 | D:1      | 1375 ||| UPGRADING to +0 plate armour.
  1385 | D:1      | 1385 ||| DROPPING +0 ring mail.
  1433 | D:2      | Noticed Natasha
  1441 | D:2      | HP: 7/28 [white imp/puff of frost[Natasha] (3)]
  1443 | D:2      | HP: 2/28 [white imp[Natasha] (3)]
  1444 | D:2      | Killed Natasha
  1445 | D:2      | Reached skill level 1 in Armour
  1455 | D:2      | 1455 ||| Stepping ~*~*~tactically~*~*~ (stealth).
  1481 | D:2      | 1481 ||| Stepping ~*~*~tactically~*~*~ (stealth).
  1482 | D:2      | 1482 ||| Stepping ~*~*~tactically~*~*~ (stealth).
  1492 | D:2      | 1492 ||| Stepping ~*~*~tactically~*~*~ (stealth).
  1493 | D:2      | 1493 ||| Stepping ~*~*~tactically~*~*~ (stealth).
  1533 | D:2      | 1533 ||| FLEEEEING.
  1736 | D:2      | Noticed Natasha
  1744 | D:2      | Killed Natasha
  1745 | D:2      | Reached XP level 4. HP: 22/37 MP: 5/5
  1795 | D:2      | Noticed Natasha
  1796 | D:2      | 1796 ||| FLEEEEING.
  1797 | D:2      | 1797 ||| FLEEEEING.
  1804 | D:2      | HP: 6/37 [Natasha (6)]
  1809 | D:2      | HP: 4/37 [Natasha (2)]
  1814 | D:2      | Killed Natasha
  1818 | D:2      | 1818 ||| Stepping ~*~*~tactically~*~*~ (stealth).
  1844 | D:2      | 1844 ||| FLEEEEING.
  1845 | D:2      | 1845 ||| FLEEEEING.
  1846 | D:2      | 1846 ||| FLEEEEING.
  1847 | D:2      | 1847 ||| FLEEEEING.
  1848 | D:2      | 1848 ||| FLEEEEING.
  1849 | D:2      | 1849 ||| FLEEEEING.
  1850 | D:2      | 1850 ||| FLEEEEING.
  1851 | D:2      | 1851 ||| FLEEEEING.
  1852 | D:2      | 1852 ||| FLEEEEING.
  1853 | D:2      | 1853 ||| FLEEEEING.
  1854 | D:2      | 1854 ||| FLEEEEING.
  1855 | D:2      | 1855 ||| FLEEEEING.
  1856 | D:2      | 1856 ||| FLEEEEING.
  1857 | D:2      | 1857 ||| FLEEEEING.
  1858 | D:2      | 1858 ||| FLEEEEING.
  1859 | D:2      | 1859 ||| FLEEEEING.
  1860 | D:2      | 1860 ||| STAIRDANCE
  2143 | D:2      | Found Dawnabb's Book Boutique.
  2225 | D:2      | 2225 ||| Stepping ~*~*~tactically~*~*~ (stealth).
  2247 | D:2      | 2247 ||| Stepping ~*~*~tactically~*~*~ (hiding).
  2250 | D:2      | 2250 ||| Stepping ~*~*~tactically~*~*~ (hiding).
  2314 | D:2      | Reached XP level 5. HP: 42/42 MP: 6/6
  2788 | D:2      | 2788 ||| UPGRADING to ring of protection from fire.
  2789 | D:2      | 2789 ||| READING scroll labelled INYSCHESKYD.
  2790 | D:2      | 2790 ||| READING scroll labelled FOYBIN QESH.
  2791 | D:2      | 2791 ||| READING 2 scrolls labelled JUNNAO IRAKHLU.
  2792 | D:2      | 2792 ||| DRINKING 2 orange potions.
  2793 | D:2      | 2793 ||| DROPPING potion of berserk rage.
  2794 | D:2      | 2794 ||| DROPPING scroll of torment.
  3049 | D:3      | 3049 ||| Stepping ~*~*~tactically~*~*~ (hiding).
  3054 | D:3      | Reached skill level 3 in Axes
  3064 | D:3      | 3064 ||| FLEEEEING.
  3065 | D:3      | 3065 ||| FLEEEEING.
  3066 | D:3      | 3066 ||| FLEEEEING.
  3067 | D:3      | 3067 ||| FLEEEEING.
  3068 | D:3      | 3068 ||| FLEEEEING.
  3069 | D:3      | 3069 ||| FLEEEEING.
  3070 | D:3      | 3070 ||| FLEEEEING.
  3071 | D:3      | 3071 ||| FLEEEEING.
  3072 | D:3      | 3072 ||| FLEEEEING.
  3073 | D:3      | 3073 ||| FLEEEEING.
  3074 | D:3      | 3074 ||| FLEEEEING.
  3075 | D:3      | 3075 ||| FLEEEEING.
  3078 | D:3      | 3078 ||| FLEEEEING.
  3079 | D:3      | 3079 ||| FLEEEEING.
  3080 | D:3      | 3080 ||| FLEEEEING.
  3081 | D:3      | 3081 ||| FLEEEEING.
  3082 | D:3      | 3082 ||| FLEEEEING.
  3083 | D:3      | 3083 ||| FLEEEEING.
  3084 | D:3      | 3084 ||| FLEEEEING.
  3085 | D:3      | 3085 ||| FLEEEEING.
  3086 | D:3      | 3086 ||| FLEEEEING.
  3087 | D:3      | 3087 ||| FLEEEEING.
  3090 | D:3      | 3090 ||| FLEEEEING.
  3091 | D:3      | 3091 ||| FLEEEEING.
  3092 | D:3      | 3092 ||| FLEEEEING.
  3093 | D:3      | 3093 ||| FLEEEEING.
  3094 | D:3      | 3094 ||| FLEEEEING.
  3095 | D:3      | 3095 ||| FLEEEEING.
  3096 | D:3      | 3096 ||| FLEEEEING.
  3097 | D:3      | 3097 ||| FLEEEEING.
  3098 | D:3      | 3098 ||| FLEEEEING.
  3100 | D:3      | 3100 ||| STAIRDANCE
  3183 | D:2      | 3183 ||| UPGRADING to +0 buckler.
  3188 | D:2      | 3188 ||| READING scroll labelled TYEFAG ZUIXU.
  3189 | D:2      | 3189 ||| READING scroll labelled MIANIDAMIET.
  3190 | D:2      | 3190 ||| DRINKING 2 lumpy dark potions.
  3191 | D:2      | 3191 ||| DROPPING potion of brilliance.
  3266 | D:3      | 3266 ||| SWAPPING to +0 flail.
  3267 | D:3      | 3267 ||| DROPPING +0 whip of draining.
  3288 | D:3      | 3288 ||| Stepping ~*~*~tactically~*~*~ (outnumbered).
  3292 | D:3      | 3292 ||| Stepping ~*~*~tactically~*~*~ (outnumbered).
  3293 | D:3      | 3293 ||| Stepping ~*~*~tactically~*~*~ (outnumbered).
  3294 | D:3      | 3294 ||| Stepping ~*~*~tactically~*~*~ (outnumbered).
  3461 | D:3      | 3461 ||| Stepping ~*~*~tactically~*~*~ (outnumbered).
  3477 | D:3      | Reached skill level 1 in Shields
  3504 | D:3      | 3504 ||| Stepping ~*~*~tactically~*~*~ (stealth).
  3513 | D:3      | 3513 ||| Stepping ~*~*~tactically~*~*~ (stealth).
  3516 | D:3      | 3516 ||| Stepping ~*~*~tactically~*~*~ (outnumbered).
  3519 | D:3      | 3519 ||| Stepping ~*~*~tactically~*~*~ (outnumbered).
  3520 | D:3      | 3520 ||| Stepping ~*~*~tactically~*~*~ (outnumbered).
  3521 | D:3      | 3521 ||| Stepping ~*~*~tactically~*~*~ (outnumbered).
  3522 | D:3      | 3522 ||| Stepping ~*~*~tactically~*~*~ (outnumbered).
  3523 | D:3      | 3523 ||| Stepping ~*~*~tactically~*~*~ (outnumbered).
  3524 | D:3      | 3524 ||| Stepping ~*~*~tactically~*~*~ (outnumbered).
  3525 | D:3      | 3525 ||| Stepping ~*~*~tactically~*~*~ (outnumbered).
  3527 | D:3      | 3527 ||| Stepping ~*~*~tactically~*~*~ (outnumbered).
  3542 | D:3      | Reached XP level 6. HP: 24/50 MP: 7/7
  3545 | D:3      | HP: 12/50 [gnoll/+0 club (6)]
  3547 | D:3      | Reached skill level 4 in Axes
  3984 | D:3      | HP: 7/50 [gnoll/+0 flail (9)]
  3986 | D:3      | HP: 3/50 [gnoll/+0 club (3)]
  3986 | D:3      | Slain by a gnoll

Levels and vault maps discovered:
D:1:      denvon_arrival_planthouse, layout_rooms
D:2:      layout_loops_ring, serial_shops, shop, uniq_natasha
D:3:      minmay_chambers_of_twos, layout_basic, good_gods_temple_1,
          okawaru_metal_pillars_1_2, lightli_temple_of_fire,
          mrwooster_statue_mirror

Skill      XL: |  1  2  3  4  5  6 |
---------------+-------------------+-----
Axes           | 1 2 3 4 |  4.0
Fighting       | 1 2 |  2.7
Armour         | 1 |  1.5
Shields        | 1 |  1.1
Short Blades   | |  0.8
Dodging        | |  1.7
Stealth        | |  3.2
Spellcasting   | |  1.7
Hexes          | |  2.4

Action                   |  1- 3 |  4- 6 || total
-------------------------+-------+-------++-------
Melee: Dagger            |    38 |       ||    38
       Whip              |   111 |   118 ||   229
       Punch             |     1 |     1 ||     2
       Flail             |       |    98 ||    98
  Use: Scroll            |     2 |     5 ||     7
       Potion            |     1 |     2 ||     3
 Stab: Sleeping          |     1 |       ||     1
Armor: Robe              |    11 |       ||    11
       Ring mail         |    27 |       ||    27
       Plate armour      |     8 |   246 ||   254
Dodge: Dodged            |    75 |    44 ||   119
Block: Buckler           |       |    19 ||    19

Table legend:
 A = Non-vault XP
 B = Vault XP
 C = Vault XP percentage of total XP
 D = Non-vault monster count
 E = Vault monster count
 F = Vault count percentage of total count
                 A         B        C        D         E       F
            +---------+---------+-------+---------+---------+-------
      Total |     305 |      62 |  16.9 |      61 |       9 |  12.9
            +---------+---------+-------+---------+---------+-------
        D:1 |      35 |       0 |   0.0 |      21 |       0 |   0.0
        D:2 |     100 |      36 |  26.5 |      17 |       1 |   5.6
        D:3 |     170 |      26 |  13.3 |      23 |       8 |  25.8
            +---------+---------+-------+---------+---------+-------
